 Dungeon Crawl Stone Soup version 0.31-a0-675-g238779eb0a (webtiles) character file.

Game seed: 15272856376876429305

188 qw the Shooter (level 5, -1/32 HPs)
             Began as a Gargoyle Hunter on Sept 5, 2023.
             Constricted to death by Ijyb (6 damage)
             ... on level 4 of the Dungeon.
             The game lasted 00:00:56 (2657 turns).

qw the Shooter (Gargoyle Hunter)                    Turns: 2657, Time: 00:00:56

Health: -1/32      AC: 11    Str: 15    XL:     5   Next: 67%
Magic:  5/5        EV:  8    Int:  9    God:
Gold:   146        SH:  0    Dex: 15    Spells: 4/4 levels left

rFire   . . .        Y - +0 shortbow
rCold   . . .        (shield currently unavailable)
rNeg    + . .        b - +0 ring mail
rPois   inf          (no helmet)
rElec   +            i - +0 cloak
rCorr   +            (no gloves)
SInv    .            g - +0 pair of boots
Will    .....        a - amulet of regeneration
Stlth   +            d - ring of resist corrosion
HPRegen 1.05/turn    (no ring)
MPRegen 0.09/turn

%: no passive effects
@: grasped by roots, constricted
A: sickness immunity, AC +4, negative energy resistance 1, electricity
resistance, torment resistance 1, petrification resistance
a: no special abilities


You were on level 4 of the Dungeon.
You visited 1 branch of the dungeon, and saw 4 of its levels.

You collected 146 gold pieces.


Innate Abilities, Weirdness & Mutations

You are immune to sickness and miasma.
Your stone body is resilient. (AC +4)
You are immune to poison.
You resist negative energy. (rN+)
You are resistant to electric shocks. (rElec)
You are resistant to unholy torment.
You are immune to petrification.


   Skills:
 + Level 3.5 Fighting
 - Level 6.1 Ranged Weapons
 - Level 1.0 Armour
 - Level 1.5 Dodging
 - Level 1.1 Stealth


You had 4 spell levels left.
You didn't know any spells.
Your spell library was empty.

Inventory:

Hand Weapons
 Y - a +0 shortbow (weapon)
Armour
 b - a +0 ring mail (worn)
 g - a +0 pair of boots (worn)
 i - a +0 cloak (worn)
Jewellery
 a - an amulet of regeneration (around neck)
 d - a ring of resist corrosion (left hand)
Potions
 c - a potion of enlightenment {unknown}
 e - a potion of lignification {unknown}
 f - a potion of haste {unknown}
 j - 3 potions of curing

Dungeon Overview and Level Annotations

Branches:
Dungeon (4/15)
 Temple: D:4-7

Altars:
Wu Jian

Annotations:
D:2 1 runed translucent door, Crazy Yiuf
D:4 Ijyb


Message History

The jackal bites you but does no damage.
Ijyb hits you with a +0 dagger. The goblin hits you but does no damage.
The jackal closely misses you.
You shoot an arrow. The arrow barely misses Ijyb.
The jackal misses you. The jackal bites you. Ijyb barely misses you.
The goblin hits you but does no damage. The jackal barely misses you.
You shoot an arrow. The arrow hits Ijyb!
Ijyb is heavily wounded.
You hear a shout!
The jackal bites you but does no damage.
The jackal barely misses you. Ijyb barely misses you. The goblin misses you.
The jackal bites you but does no damage.
The jackal bites you.
An adder comes into view.
You shoot an arrow. The adder hisses angrily.
The arrow hits Ijyb but does no damage.
Ijyb is heavily wounded.
The jackal barely misses you. The goblin hits you but does no damage.
Ijyb zaps a wand.
The roots erupt in riotous growth!
The grasping roots grab you!
The jackal is unaffected.
The goblin is unaffected.
The jackal is unaffected.
Ijyb is unaffected.
The grasping roots constrict you. The jackal bites you.
A giant cockroach comes into view.
The jackal bites you but does no damage.
The goblin hits you but does no damage. Ijyb hits you but does no damage.
The grasping roots constrict you.
You shoot an arrow. The arrow hits Ijyb but does no damage.
Ijyb is heavily wounded.
The jackal bites you but does no damage. x2
The jackal bites you. Ijyb hits you with a +0 dagger.
The grasping roots constrict you. The goblin hits you with a +0 dagger.
The jackal barely misses you.
You shoot an arrow. The arrow hits Ijyb but does no damage.
Ijyb is heavily wounded.
The jackal bites you but does no damage. x2
A worm comes into view.
The goblin hits you but does no damage. Ijyb hits you but does no damage.
The grasping roots constrict you.
You die...

..###.w ...#.. ##
..... ..#. #....
....###.B. ...# .
[...#.g## ...#.
..##.#Shhg##.....
........@#.....#
...#...g##.........#..
#.......#....## ......
##.##..>......# ......
. ##....%#.###....#
##.....#.#......###
#....................
....###.#...##.....)..
.##. ###.............


You could see Ijyb, a worm, an adder, 2 jackals, a giant cockroach, a hobgoblin
and a goblin.

Vanquished Creatures
  A hound (D:4)
  An orc priest (D:3)
  A sleepcap (D:3)
  2 adders
  A worm (D:2)
  3 dart slugs
  4 orcs (D:3)
  7 ball pythons
  7 bats
  5 endoplasms
  3 giant cockroaches
  5 goblins
  4 hobgoblins
  6 jackals
  4 quokkas
  3 frilled lizards
  6 kobolds
  5 rats
68 creatures vanquished.

Notes
Turn   | Place    | Note
-------+----------+-------------------------------------------
     0 | D:1      | qw the Gargoyle Hunter began the quest for the Orb.
     0 | D:1      | Reached XP level 1. HP: 12/12 MP: 1/1
     0 | D:1      | 0 ||| qw: Version: 0.3-a-75-gb5c8c4b
     0 | D:1      | 0 ||| qw: Game counter: 23
     0 | D:1      | 0 ||| qw: Melee chars always use a shield: true
     0 | D:1      | 0 ||| qw: God list: Okawaru
     0 | D:1      | 0 ||| qw: Allow faded altars: false
     0 | D:1      | 0 ||| qw: Do Orc after clearing Dungeon:15 true
     0 | D:1      | 0 ||| qw: Do second Lair branch before Depths: true
     0 | D:1      | 0 ||| qw: Lair rune preference: random
     0 | D:1      | 0 ||| qw: Goals: Normal
     0 | D:1      | 0 ||| PLANNING D:1-11
   197 | D:1      | Reached XP level 2. HP: 17/17 MP: 2/2
   662 | D:1      | 662 ||| DROPPING scarf of shadows.
   663 | D:1      | 663 ||| UPGRADING to +0 pair of boots.
   668 | D:1      | 668 ||| READING 3 scrolls labelled UMMEDEAFOG.
   669 | D:1      | 669 ||| READING scroll labelled ZIUGHO QOECER.
   670 | D:1      | 670 ||| READING scroll labelled CAROF QYHO.
   671 | D:1      | 671 ||| READING scroll labelled KAXTEC WAMU.
   674 | D:1      | 674 ||| DROPPING 2 scrolls of noise.
   675 | D:1      | 675 ||| DROPPING scroll of butterflies.
   708 | D:2      | Reached XP level 3. HP: 21/21 MP: 3/3
   904 | D:2      | Reached skill level 5 in Ranged Weapons
  1040 | D:2      | Found a runed translucent door.
  1041 | D:2      | Noticed Crazy Yiuf
  1223 | D:2      | 1223 ||| UPGRADING to +0 ring mail.
  1233 | D:2      | 1233 ||| DROPPING +0 leather armour.
  1234 | D:2      | 1234 ||| UPGRADING to amulet of regeneration.
  1239 | D:2      | 1239 ||| DRINKING 2 fizzy silvery potions.
  1331 | D:2      | Reached skill level 1 in Armour
  1877 | D:2      | 1877 ||| UPGRADING to ring of resist corrosion.
  1878 | D:2      | 1878 ||| DRINKING 2 yellow potions.
  1907 | D:3      | Found an ornate altar of the Wu Jian Council.
  1913 | D:3      | Reached skill level 3 in Fighting
  1913 | D:3      | Reached XP level 4. HP: 23/28 MP: 4/4
  1913 | D:3      | 1913 ||| STAIRDANCE
  2067 | D:3      | Reached XP level 5. HP: 32/32 MP: 5/5
  2547 | D:3      | 2547 ||| UPGRADING to +0 cloak.
  2552 | D:3      | 2552 ||| DROPPING ring of flight.
  2628 | D:4      | Reached skill level 6 in Ranged Weapons
  2636 | D:4      | Noticed Ijyb
  2646 | D:4      | HP: 8/32 [Ijyb/+0 dagger (4)]
  2647 | D:4      | 2647 ||| DRINKING potion of heal wounds.
  2656 | D:4      | HP: 5/32 [constriction (5)]
  2657 | D:4      | Constricted to death by Ijyb

Levels and vault maps discovered:
D:1:      dpeg_chamrin_arrival_tetris, layout_basic
D:2:      layout_loops_corners, serial_co_window_serial, co_window_corner_a,
          co_window_paths_a, co_window_paths_a, co_window_of_opportunity_a,
          co_window_paths_b, co_window_corner_a, co_window_paths_a,
          co_window_paths_a, co_window_paths_a, co_window_corner_cb,
          co_window_cross_2, co_window_paths_c, co_window_corner_b,
          co_window_corner_b, co_window_unsneaky_path_d,
          co_window_of_opportunity_c, uniq_crazy_yiuf_cottage
D:3:      layout_loops_cross, mainiacjoe_overflow_catwalk
D:4:      layout_cave_pools, uniq_ijyb

Skill      XL: |  1  2  3  4  5 |
---------------+----------------+-----
Ranged Weapons | 5 6 |  6.1
Armour         | 1 |  1.0
Fighting       | 3 |  3.5
Dodging        | |  1.5
Stealth        | |  1.1

Action                     |  1- 3 |  4- 6 || total
---------------------------+-------+-------++-------
   Fire: Shortbow          |   112 |    91 ||   203
    Use: Scroll            |     4 |       ||     4
         Potion            |     2 |     1 ||     3
 Armour: Leather armour    |    12 |       ||    12
         Ring mail         |    23 |    78 ||   101
  Dodge: Dodged            |    25 |    39 ||    64

Table legend:
 A = Non-vault XP
 B = Vault XP
 C = Vault XP percentage of total XP
 D = Non-vault monster count
 E = Vault monster count
 F = Vault count percentage of total count
                 A         B        C        D         E       F
            +---------+---------+-------+---------+---------+-------
      Total |     269 |       0 |   0.0 |      68 |       0 |   0.0
            +---------+---------+-------+---------+---------+-------
        D:1 |      28 |       0 |   0.0 |      16 |       0 |   0.0
        D:2 |      51 |       0 |   0.0 |      21 |       0 |   0.0
        D:3 |     133 |       0 |   0.0 |      23 |       0 |   0.0
        D:4 |      57 |       0 |   0.0 |       8 |       0 |   0.0
            +---------+---------+-------+---------+---------+-------
